Workbook

Sheet Operaciones
A1: ID operación | B1: Fecha de captación | C1: Fecha de cierre | D1: Estado | E1: Tipo de operación | F1: Cliente / propietario | G1: NIF | H1: Inmueble | I1: Dirección | J1: Municipio | K1: Referencia catastral | L1: Agente responsable | M1: Precio de venta (€) | N1: Renta mensual (€) | O1: Base de honorarios (€) | P1: % honorarios | Q1: Honorarios antes de IVA (€) | R1: % IVA | S1: IVA (€) | T1: Retención IRPF (%) | U1: Retención IRPF (€) | V1: Total factura (€) | W1: Fecha de factura | X1: Fecha de cobro | Y1: Estado de cobro | Z1: Gastos directos (€) | AA1: Comisión agente (€) | AB1: Margen neto (€) | AC1: Observaciones
A2: OP-2026-001 | B2: 46030 | C2: 46073 | D2: Cerrada | E2: Compraventa | F2: Laura Fernández | G2: 12345678Z | H2: Ático | I2: Av. Diagonal 405 | J2: Barcelona | K2: 9876543VK4797N0001AB | L2: María García | M2: 465000 | O2: =IF(E2="","",IF(E2="Compraventa",M2,N2*1)) | P2: 0.03 | Q2: =IF(O2="","",O2*P2) | R2: 0.21 | S2: =IF(Q2="","",Q2*R2) | T2: 0.15 | U2: =IF(Q2="","",Q2*T2) | V2: =IF(Q2="","",Q2+S2-U2) | W2: 46078 | X2: 46093 | Y2: Cobrado | Z2: 2400 | AA2: =IF(Q2="","",IFERROR(Q2*VLOOKUP(L2,'Configuración'!$A$2:$B$5,2,FALSE),0)) | AB2: =IF(Q2="","",Q2-Z2-AA2) | AC2: Venta de vivienda habitual con financiación aprobada
A3: OP-2026-002 | B3: 46040 | C3: 46122 | D3: Cerrada | E3: Compraventa | F3: Antonio López | G3: 23456789S | H3: Piso | I3: Calle Mayor 12 3ºB | J3: Madrid | K3: 4567890VK4746S0002CD | L3: Antonio López | M3: 285000 | O3: =IF(E3="","",IF(E3="Compraventa",M3,N3*1)) | P3: 0.03 | Q3: =IF(O3="","",O3*P3) | R3: 0.21 | S3: =IF(Q3="","",Q3*R3) | T3: 0.15 | U3: =IF(Q3="","",Q3*T3) | V3: =IF(Q3="","",Q3+S3-U3) | W3: 46126 | Y3: Facturado | Z3: 1650 | AA3: =IF(Q3="","",IFERROR(Q3*VLOOKUP(L3,'Configuración'!$A$2:$B$5,2,FALSE),0)) | AB3: =IF(Q3="","",Q3-Z3-AA3) | AC3: Factura emitida a sociedad patrimonial
A4: OP-2026-003 | B4: 46055 | C4: 46081 | D4: Cerrada | E4: Alquiler | F4: Carmen Ruiz | G4: 34567890D | H4: Apartamento | I4: Calle Larios 18 2ºA | J4: Málaga | K4: 1234567UF7613S0003EF | L4: Carmen Ruiz | N4: 1450 | O4: =IF(E4="","",IF(E4="Compraventa",M4,N4*1)) | P4: 1 | Q4: =IF(O4="","",O4*P4) | R4: 0.21 | S4: =IF(Q4="","",Q4*R4) | T4: 0.15 | U4: =IF(Q4="","",Q4*T4) | V4: =IF(Q4="","",Q4+S4-U4) | W4: 46082 | X4: 46085 | Y4: Cobrado | Z4: 180 | AA4: =IF(Q4="","",IFERROR(Q4*VLOOKUP(L4,'Configuración'!$A$2:$B$5,2,FALSE),0)) | AB4: =IF(Q4="","",Q4-Z4-AA4) | AC4: Arrendamiento de vivienda por doce meses
A5: OP-2026-004 | B5: 46093 | D5: En negociación | E5: Compraventa | F5: José Martínez | G5: 45678901F | H5: Casa adosada | I5: Calle Sierpes 8 | J5: Sevilla | K5: 7654321TG3475N0004GH | L5: José Martínez | M5: 310000 | O5: =IF(E5="","",IF(E5="Compraventa",M5,N5*1)) | P5: 0.025 | Q5: =IF(O5="","",O5*P5) | R5: 0.21 | S5: =IF(Q5="","",Q5*R5) | T5: 0.15 | U5: =IF(Q5="","",Q5*T5) | V5: =IF(Q5="","",Q5+S5-U5) | Y5: Pendiente | Z5: 950 | AA5: =IF(Q5="","",IFERROR(Q5*VLOOKUP(L5,'Configuración'!$A$2:$B$5,2,FALSE),0)) | AB5: =IF(Q5="","",Q5-Z5-AA5) | AC5: Oferta presentada pendiente de aceptación
A6: OP-2026-005 | B6: 46109 | C6: 46203 | D6: Cerrada | E6: Alquiler | F6: María García | G6: 56789012G | H6: Piso | I6: Gran Vía de Don Diego López 42 | J6: Bilbao | K6: 2468135VP9426S0005IJ | L6: María García | N6: 1250 | O6: =IF(E6="","",IF(E6="Compraventa",M6,N6*1)) | P6: 1 | Q6: =IF(O6="","",O6*P6) | R6: 0.21 | S6: =IF(Q6="","",Q6*R6) | T6: 0.15 | U6: =IF(Q6="","",Q6*T6) | V6: =IF(Q6="","",Q6+S6-U6) | W6: 46206 | Y6: Vencido | Z6: 220 | AA6: =IF(Q6="","",IFERROR(Q6*VLOOKUP(L6,'Configuración'!$A$2:$B$5,2,FALSE),0)) | AB6: =IF(Q6="","",Q6-Z6-AA6) | AC6: Factura vencida; reclamación de cobro iniciada
A7: OP-2026-006 | B7: 46119 | C7: 46191 | D7: Cerrada | E7: Compraventa | F7: Manuel Sánchez | G7: 67890123H | H7: Vivienda | I7: Calle Colón 22 | J7: Valencia | K7: 1357924YJ2715S0006KL | L7: Antonio López | M7: 390000 | O7: =IF(E7="","",IF(E7="Compraventa",M7,N7*1)) | P7: 0.025 | Q7: =IF(O7="","",O7*P7) | R7: 0.21 | S7: =IF(Q7="","",Q7*R7) | T7: 0.15 | U7: =IF(Q7="","",Q7*T7) | V7: =IF(Q7="","",Q7+S7-U7) | W7: 46195 | X7: 46205 | Y7: Cobrado | Z7: 2100 | AA7: =IF(Q7="","",IFERROR(Q7*VLOOKUP(L7,'Configuración'!$A$2:$B$5,2,FALSE),0)) | AB7: =IF(Q7="","",Q7-Z7-AA7) | AC7: Compraventa con entrega de arras confirmada
A8: OP-2026-007 | B8: 46157 | D8: Captación | E8: Alquiler | F8: Laura Fernández | G8: 78901234J | H8: Estudio | I8: Paseo de la Independencia 16 | J8: Zaragoza | K8: 8642097XM7184N0007MN | L8: Carmen Ruiz | N8: 850 | O8: =IF(E8="","",IF(E8="Compraventa",M8,N8*1)) | P8: 1 | Q8: =IF(O8="","",O8*P8) | R8: 0.21 | S8: =IF(Q8="","",Q8*R8) | T8: 0.15 | U8: =IF(Q8="","",Q8*T8) | V8: =IF(Q8="","",Q8+S8-U8) | Y8: Pendiente | Z8: 75 | AA8: =IF(Q8="","",IFERROR(Q8*VLOOKUP(L8,'Configuración'!$A$2:$B$5,2,FALSE),0)) | AB8: =IF(Q8="","",Q8-Z8-AA8) | AC8: Pendiente de visita y validación documental
A9: OP-2026-008 | B9: 46176 | C9: 46223 | D9: Cancelada | E9: Compraventa | F9: Carmen Ruiz | G9: 89012345K | H9: Piso | I9: Calle Alcalá 220 4ºC | J9: Madrid | K9: 9753186VK4895S0008OP | L9: José Martínez | M9: 185000 | O9: =IF(E9="","",IF(E9="Compraventa",M9,N9*1)) | P9: 0.03 | Q9: =IF(O9="","",O9*P9) | R9: 0.21 | S9: =IF(Q9="","",Q9*R9) | T9: 0.15 | U9: =IF(Q9="","",Q9*T9) | V9: =IF(Q9="","",Q9+S9-U9) | Y9: Pendiente | Z9: 420 | AA9: =IF(Q9="","",IFERROR(Q9*VLOOKUP(L9,'Configuración'!$A$2:$B$5,2,FALSE),0)) | AB9: =IF(Q9="","",Q9-Z9-AA9) | AC9: Operación cancelada por desistimiento del comprador
A10: OP-2026-009 | B10: 46212 | C10: 46262 | D10: Cerrada | E10: Alquiler | F10: Antonio López | G10: 90123456L | H10: Loft | I10: Carrer de València 250 | J10: Barcelona | K10: 1122334DF3812S0009QR | L10: María García | N10: 1350 | O10: =IF(E10="","",IF(E10="Compraventa",M10,N10*1)) | P10: 1 | Q10: =IF(O10="","",O10*P10) | R10: 0.21 | S10: =IF(Q10="","",Q10*R10) | T10: 0.15 | U10: =IF(Q10="","",Q10*T10) | V10: =IF(Q10="","",Q10+S10-U10) | W10: 46266 | Y10: Facturado | Z10: 160 | AA10: =IF(Q10="","",IFERROR(Q10*VLOOKUP(L10,'Configuración'!$A$2:$B$5,2,FALSE),0)) | AB10: =IF(Q10="","",Q10-Z10-AA10) | AC10: Alquiler residencial con fianza depositada
O11: =IF(E11="","",IF(E11="Compraventa",M11,N11*1)) | Q11: =IF(O11="","",O11*P11) | S11: =IF(Q11="","",Q11*R11) | U11: =IF(Q11="","",Q11*T11) | V11: =IF(Q11="","",Q11+S11-U11) | AA11: =IF(Q11="","",IFERROR(Q11*VLOOKUP(L11,'Configuración'!$A$2:$B$5,2,FALSE),0)) | AB11: =IF(Q11="","",Q11-Z11-AA11)
O12: =IF(E12="","",IF(E12="Compraventa",M12,N12*1)) | Q12: =IF(O12="","",O12*P12) | S12: =IF(Q12="","",Q12*R12) | U12: =IF(Q12="","",Q12*T12) | V12: =IF(Q12="","",Q12+S12-U12) | AA12: =IF(Q12="","",IFERROR(Q12*VLOOKUP(L12,'Configuración'!$A$2:$B$5,2,FALSE),0)) | AB12: =IF(Q12="","",Q12-Z12-AA12)
O13: =IF(E13="","",IF(E13="Compraventa",M13,N13*1)) | Q13: =IF(O13="","",O13*P13) | S13: =IF(Q13="","",Q13*R13) | U13: =IF(Q13="","",Q13*T13) | V13: =IF(Q13="","",Q13+S13-U13) | AA13: =IF(Q13="","",IFERROR(Q13*VLOOKUP(L13,'Configuración'!$A$2:$B$5,2,FALSE),0)) | AB13: =IF(Q13="","",Q13-Z13-AA13)
O14: =IF(E14="","",IF(E14="Compraventa",M14,N14*1)) | Q14: =IF(O14="","",O14*P14) | S14: =IF(Q14="","",Q14*R14) | U14: =IF(Q14="","",Q14*T14) | V14: =IF(Q14="","",Q14+S14-U14) | AA14: =IF(Q14="","",IFERROR(Q14*VLOOKUP(L14,'Configuración'!$A$2:$B$5,2,FALSE),0)) | AB14: =IF(Q14="","",Q14-Z14-AA14)
O15: =IF(E15="","",IF(E15="Compraventa",M15,N15*1)) | Q15: =IF(O15="","",O15*P15) | S15: =IF(Q15="","",Q15*R15) | U15: =IF(Q15="","",Q15*T15) | V15: =IF(Q15="","",Q15+S15-U15) | AA15: =IF(Q15="","",IFERROR(Q15*VLOOKUP(L15,'Configuración'!$A$2:$B$5,2,FALSE),0)) | AB15: =IF(Q15="","",Q15-Z15-AA15)
O16: =IF(E16="","",IF(E16="Compraventa",M16,N16*1)) | Q16: =IF(O16="","",O16*P16) | S16: =IF(Q16="","",Q16*R16) | U16: =IF(Q16="","",Q16*T16) | V16: =IF(Q16="","",Q16+S16-U16) | AA16: =IF(Q16="","",IFERROR(Q16*VLOOKUP(L16,'Configuración'!$A$2:$B$5,2,FALSE),0)) | AB16: =IF(Q16="","",Q16-Z16-AA16)
O17: =IF(E17="","",IF(E17="Compraventa",M17,N17*1)) | Q17: =IF(O17="","",O17*P17) | S17: =IF(Q17="","",Q17*R17) | U17: =IF(Q17="","",Q17*T17) | V17: =IF(Q17="","",Q17+S17-U17) | AA17: =IF(Q17="","",IFERROR(Q17*VLOOKUP(L17,'Configuración'!$A$2:$B$5,2,FALSE),0)) | AB17: =IF(Q17="","",Q17-Z17-AA17)
O18: =IF(E18="","",IF(E18="Compraventa",M18,N18*1)) | Q18: =IF(O18="","",O18*P18) | S18: =IF(Q18="","",Q18*R18) | U18: =IF(Q18="","",Q18*T18) | V18: =IF(Q18="","",Q18+S18-U18) | AA18: =IF(Q18="","",IFERROR(Q18*VLOOKUP(L18,'Configuración'!$A$2:$B$5,2,FALSE),0)) | AB18: =IF(Q18="","",Q18-Z18-AA18)
O19: =IF(E19="","",IF(E19="Compraventa",M19,N19*1)) | Q19: =IF(O19="","",O19*P19) | S19: =IF(Q19="","",Q19*R19) | U19: =IF(Q19="","",Q19*T19) | V19: =IF(Q19="","",Q19+S19-U19) | AA19: =IF(Q19="","",IFERROR(Q19*VLOOKUP(L19,'Configuración'!$A$2:$B$5,2,FALSE),0)) | AB19: =IF(Q19="","",Q19-Z19-AA19)
O20: =IF(E20="","",IF(E20="Compraventa",M20,N20*1)) | Q20: =IF(O20="","",O20*P20) | S20: =IF(Q20="","",Q20*R20) | U20: =IF(Q20="","",Q20*T20) | V20: =IF(Q20="","",Q20+S20-U20) | AA20: =IF(Q20="","",IFERROR(Q20*VLOOKUP(L20,'Configuración'!$A$2:$B$5,2,FALSE),0)) | AB20: =IF(Q20="","",Q20-Z20-AA20)
O21: =IF(E21="","",IF(E21="Compraventa",M21,N21*1)) | Q21: =IF(O21="","",O21*P21) | S21: =IF(Q21="","",Q21*R21) | U21: =IF(Q21="","",Q21*T21) | V21: =IF(Q21="","",Q21+S21-U21) | AA21: =IF(Q21="","",IFERROR(Q21*VLOOKUP(L21,'Configuración'!$A$2:$B$5,2,FALSE),0)) | AB21: =IF(Q21="","",Q21-Z21-AA21)
O22: =IF(E22="","",IF(E22="Compraventa",M22,N22*1)) | Q22: =IF(O22="","",O22*P22) | S22: =IF(Q22="","",Q22*R22) | U22: =IF(Q22="","",Q22*T22) | V22: =IF(Q22="","",Q22+S22-U22) | AA22: =IF(Q22="","",IFERROR(Q22*VLOOKUP(L22,'Configuración'!$A$2:$B$5,2,FALSE),0)) | AB22: =IF(Q22="","",Q22-Z22-AA22)
... O101: =IF(E101="","",IF(E101="Compraventa",M101,N101*1)) | Q101: =IF(O101="","",O101*P101) | S101: =IF(Q101="","",Q101*R101) | U101: =IF(Q101="","",Q101*T101) | V101: =IF(Q101="","",Q101+S101-U101) | AA101: =IF(Q101="","",IFERROR(Q101*VLOOKUP(L101,'Configuración'!$A$2:$B$5,2,FALSE),0)) | AB101: =IF(Q101="","",Q101-Z101-AA101)

Sheet Resumen
A1: Panel de control de honorarios de intermediación inmobiliaria
A3: Indicador | B3: Valor
A4: Número total de operaciones | B4: =COUNTA('Operaciones'!$A$2:$A$101)
A5: Operaciones cerradas | B5: =COUNTIF('Operaciones'!$D$2:$D$101,"Cerrada")
A6: Honorarios facturados | B6: =SUM('Operaciones'!$Q$2:$Q$101)
A7: IVA repercutido | B7: =SUM('Operaciones'!$S$2:$S$101)
A8: Total cobrado | B8: =SUMIF('Operaciones'!$Y$2:$Y$101,"Cobrado",'Operaciones'!$V$2:$V$101)
A9: Total pendiente de cobro | B9: =SUMIF('Operaciones'!$Y$2:$Y$101,"Pendiente",'Operaciones'!$V$2:$V$101)+SUMIF('Operaciones'!$Y$2:$Y$101,"Facturado",'Operaciones'!$V$2:$V$101)
A10: Margen neto total | B10: =SUM('Operaciones'!$AB$2:$AB$101)
A11: Honorario medio por operación | B11: =IFERROR(AVERAGE('Operaciones'!$Q$2:$Q$101),0)
A12: Tasa de cierre | B12: =IFERROR(COUNTIF('Operaciones'!$D$2:$D$101,"Cerrada")/COUNTA('Operaciones'!$A$2:$A$101),0)
A15: Agente responsable | B15: Honorarios generados | C15: Operaciones cerradas | D15: Comisiones agentes | F15: Tipo de operación | G15: Número de operaciones
A16: María García | B16: =SUMIF('Operaciones'!$L$2:$L$101,A16,'Operaciones'!$Q$2:$Q$101) | C16: =COUNTIFS('Operaciones'!$L$2:$L$101,A16,'Operaciones'!$D$2:$D$101,"Cerrada") | D16: =SUMIF('Operaciones'!$L$2:$L$101,A16,'Operaciones'!$AA$2:$AA$101) | F16: Compraventa | G16: =COUNTIF('Operaciones'!$E$2:$E$101,F16)
A17: Antonio López | B17: =SUMIF('Operaciones'!$L$2:$L$101,A17,'Operaciones'!$Q$2:$Q$101) | C17: =COUNTIFS('Operaciones'!$L$2:$L$101,A17,'Operaciones'!$D$2:$D$101,"Cerrada") | D17: =SUMIF('Operaciones'!$L$2:$L$101,A17,'Operaciones'!$AA$2:$AA$101) | F17: Alquiler | G17: =COUNTIF('Operaciones'!$E$2:$E$101,F17)
A18: Carmen Ruiz | B18: =SUMIF('Operaciones'!$L$2:$L$101,A18,'Operaciones'!$Q$2:$Q$101) | C18: =COUNTIFS('Operaciones'!$L$2:$L$101,A18,'Operaciones'!$D$2:$D$101,"Cerrada") | D18: =SUMIF('Operaciones'!$L$2:$L$101,A18,'Operaciones'!$AA$2:$AA$101)
A19: José Martínez | B19: =SUMIF('Operaciones'!$L$2:$L$101,A19,'Operaciones'!$Q$2:$Q$101) | C19: =COUNTIFS('Operaciones'!$L$2:$L$101,A19,'Operaciones'!$D$2:$D$101,"Cerrada") | D19: =SUMIF('Operaciones'!$L$2:$L$101,A19,'Operaciones'!$AA$2:$AA$101)
F21: Situación de cobro | G21: Importe
F22: Cobrado | G22: =SUMIF('Operaciones'!$Y$2:$Y$101,"Cobrado",'Operaciones'!$V$2:$V$101)
F23: Pendiente y facturado | G23: =SUMIF('Operaciones'!$Y$2:$Y$101,"Pendiente",'Operaciones'!$V$2:$V$101)+SUMIF('Operaciones'!$Y$2:$Y$101,"Facturado",'Operaciones'!$V$2:$V$101)
F25: Control de facturas vencidas | G25: Cantidad
F26: Facturas vencidas | G26: =COUNTIF('Operaciones'!$Y$2:$Y$101,"Vencido")

Sheet Configuración
A1: Configuración de honorarios y listas de validación
A2: Agente | B2: % comisión | D2: Tipos de operación | F2: Estados de operación | H2: Estados de cobro | J2: Parámetro | K2: Valor
A3: María García | B3: 0.35 | D3: Compraventa | F3: Captación | H3: Pendiente | J3: IVA habitual | K3: 0.21
A4: Antonio López | B4: 0.3 | D4: Alquiler | F4: En negociación | H4: Facturado | J4: Retención IRPF profesional de ejemplo | K4: 0.15
A5: Carmen Ruiz | B5: 0.35 | F5: Cerrada | H5: Cobrado
A6: José Martínez | B6: 0.3 | F6: Cancelada | H6: Vencido
A9: Nota fiscal | B9: Confirmar con asesoría fiscal el IVA y la retención aplicables a cada factura.

Sheet Instrucciones
A1: Guía de uso del control de honorarios
A3: Hoja | B3: Uso | C3: Indicaciones principales
A4: Operaciones | B4: Registro de intermediaciones | C4: Introduzca datos en las celdas amarillas. La base, honorarios, IVA, retención, total factura, comisión y margen se calculan automáticamente.
A5: Operaciones | B5: Seguimiento de cobros | C5: Actualice el estado de cobro y las fechas de factura y cobro. Los cobros vencidos se muestran en rojo y los cobrados en verde.
A6: Resumen | B6: Panel de control | C6: Revise indicadores, honorarios por agente, facturas vencidas y gráficos. Las fórmulas consideran las primeras 100 filas operativas.
A7: Configuración | B7: Agentes y parámetros | C7: Edite porcentajes de comisión, listas de validación, IVA y retención según corresponda. Confirme siempre la fiscalidad aplicable con asesoría.
A10: Columnas clave | B10: Base de honorarios | C10: En compraventa toma el precio de venta; en alquiler toma la renta mensual de una mensualidad.
A11: Columnas clave | B11: Margen neto | C11: Se calcula como honorarios antes de IVA menos gastos directos y comisión del agente.
